WCHLSIM.com - West Coast Hockey League
html PUBLIC "-//W3C//DTD XHTML 1.0 Transitional//EN" "http://www.w3.org/TR/xhtml1/DTD/xhtml1-transitional.dtd"> WCHL - Game 1118 - CALGARY FIREMEN vs WINNIPEG BEAVERS

CALGARY FIREMEN vs WINNIPEG BEAVERS

Created - 28 mars 2024 at 23:33

Goals
1 2 3 T
CALGARY FIREMEN 0 1 2 3
WINNIPEG BEAVERS 1 2 4 7
Shots
1 2 3 T
CALGARY FIREMEN 9 10 3 22
WINNIPEG BEAVERS 17 10 13 40

1st period

1. WINNIPEG BEAVERS , Brayden Schenn 23 (Nikolaj Ehlers 17, Victor Hedman 45) at 2:45

Penalties :
No Penalty

2nd period

2. WINNIPEG BEAVERS , Sam Bennett 20 (Brandon Saad 13, David Perron 30) at 2:38
3. CALGARY FIREMEN , Mattias Janmark-Nylen 15 (Filip Forsberg 19, Jake McCabe 17) at 6:38 (PP)
4. WINNIPEG BEAVERS , David Perron 17 (Erik Gustafsson 14, Sam Bennett 29) at 6:47

Penalties :
Sam Bennett (WIN) for Slashing (Minor) at 5:02, Sean Kuraly (WIN) for Slashing (Minor) at 13:13

3rd period

5. WINNIPEG BEAVERS , Sam Bennett 21 (Victor Hedman 46, Brandon Saad 14) at 0:24
6. CALGARY FIREMEN , Mattias Janmark-Nylen 16 (Filip Forsberg 20, Nikita Zadorov 9) at 0:41
7. WINNIPEG BEAVERS , Victor Hedman 13 (Sam Bennett 30, David Perron 31) at 4:54
8. CALGARY FIREMEN , Jake McCabe 4 (Mattias Janmark-Nylen 22, Filip Forsberg 21) at 7:38 (PP)
9. WINNIPEG BEAVERS , Brayden Schenn 24 (John Carlson 37) at 11:13
10. WINNIPEG BEAVERS , Adam Larsson 4 (Sam Bennett 31, Erik Gustafsson 15) at 19:11

Penalties :
Brayden Schenn (WIN) for Roughing (Minor) at 7:13

Goalie Stats

Kevin Poulin (CGY), 8 saves from 10 shots - (0,800), 15:06 minutes
Samuel Ersson (CGY), 25 saves from 30 shots - (0,833), L, 6-27-2, 44:54 minutes
Logan Thompson (WIN), 19 saves from 22 shots - (0,864), W, 4-2-0, 60:00 minutes

Players Stats for CALGARY FIREMEN

Player Name              G  A  P  +/- PIM S  H  SB GA TA FO     MP     PP MP  PK MP  
------------------------------------------------------------------------------------
Andrew Poturalski        0  0  0  -1  0   0  0  0  0  0  2/3     7:46   0:00   0:00 
Brett Howden             0  0  0  -1  0   0  1  0  0  0  4/8     7:46   0:00   0:00 
Colton White             0  0  0  -3  0   1  0  1  0  0  0/0    17:09   0:00   0:00 
Filip Forsberg           0  3  3   1  0   1  0  0  0  0  4/22   19:21   2:21   0:00 
Jacob Bryson             0  0  0  -3  0   1  2  2  0  0  0/0    17:09   0:00   0:00 
Jake McCabe              1  1  2  -3  0   2  3  1  0  0  0/0    23:30   2:41   0:00 
Jakob Silfverberg        0  0  0   1  0   2  0  0  0  0  1/2    19:21   2:21   0:00 
Joel Edmundson           0  0  0  -3  0   0  2  1  0  0  0/0    23:30   2:41   0:00 
Jordan Oesterle          0  0  0   0  0   1  1  0  0  0  0/0    19:21   1:19   0:00 
Liam Foudy               0  0  0  -3  0   2  1  2  0  0  0/0    14:58   0:00   0:00 
Mason Marchment          0  0  0  -3  0   1  1  0  0  0  0/3    17:55   1:39   0:00 
Mattias Janmark-Nylen    2  1  3   1  0   6  0  1  0  0  0/1    19:21   2:21   0:00 
Michael McCarron         0  0  0  -1  0   0  0  0  0  0  0/0     7:46   0:00   0:00 
Nikita Zadorov           0  1  1   0  0   0  0  1  0  0  0/0    19:21   1:19   0:00 
Oskar Lindblom           0  0  0  -3  0   1  0  0  0  0  0/1    17:55   1:39   0:00 
Ryan Johansen            0  0  0  -3  0   2  0  0  0  0  9/17   17:55   1:39   0:00 
Sonny Milano             0  0  0  -3  0   0  0  0  0  0  1/1    14:58   0:00   0:00 
Yakov Trenin             0  0  0  -3  0   2  1  0  0  0  6/17   14:58   0:00   0:00 

Players Stats for WINNIPEG BEAVERS

Player Name              G  A  P  +/- PIM S  H  SB GA TA FO     MP     PP MP  PK MP  
------------------------------------------------------------------------------------
Adam Larsson             1  0  1   2  0   1  0  1  0  0  0/0    18:00   0:00   2:07 
Brandon Saad             0  2  2   5  0   4  0  0  0  0  0/1    17:51   0:00   0:00 
Brayden Schenn           2  0  2   1  2   3  1  0  0  0  16/25  20:37   0:00   2:11 
Cal Clutterbuck          0  0  0   0  0   0  0  0  0  0  0/0     4:30   0:00   0:00 
Caleb Jones              0  0  0   1  0   0  1  1  0  0  0/0    17:44   0:00   0:00 
David Perron             1  2  3   5  0   8  0  0  0  0  1/2    20:27   0:00   2:36 
Derick Brassard          0  0  0   0  0   2  0  0  0  0  3/4    16:15   0:00   1:03 
Erik Gustafsson          0  2  2   2  0   1  1  2  0  0  0/0    18:00   0:00   2:07 
John Carlson             0  1  1   2  0   1  0  4  0  0  0/0    23:55   0:00   1:53 
Jonathan Audy-Marchessau 0  0  0   1  0   6  1  1  0  0  2/5    19:51   0:00   1:24 
Luke Schenn              0  0  0   2  0   0  2  0  0  0  0/0    18:05   0:00   0:00 
Matthew Nieto            0  0  0   0  0   0  0  0  0  0  3/3     4:30   0:00   0:00 
Nikolaj Ehlers           0  1  1   1  0   4  0  0  0  0  0/1    18:27   0:00   0:00 
Sam Bennett              2  3  5   5  2   6  2  0  0  0  13/21  18:36   0:00   0:46 
Sean Kuraly              0  0  0   0  2   3  1  0  0  0  8/9    15:11   0:00   0:00 
Sebastien Aho            0  0  0   0  0   0  0  0  0  0  0/2     4:30   0:00   0:00 
Trevor Lewis             0  0  0   0  0   0  1  0  0  0  2/2    15:12   0:00   0:00 
Victor Hedman            1  2  3   3  0   1  0  0  0  0  0/0    24:16   0:00   1:53 

3 Stars

1 - Sam Bennett (WIN)
2 - David Perron (WIN)
3 - Victor Hedman (WIN)

Power Play

CALGARY FIREMEN - 2 on 3 Attempt(s) - 66,67%
WINNIPEG BEAVERS - 0 on 0 Attempt(s) - 0,00%

Penalty Kill

CALGARY FIREMEN - 0 on 0 Attempt(s) - 0,00% - Score 0 goal in Penalty Kill
WINNIPEG BEAVERS - 1 on 3 Attempt(s) - 33,33% - Score 0 goal in Penalty Kill

Team Stat

CALGARY FIREMEN - Hits : 12 - Faceoff Wins : 27 - Blocked Shots : 9 - Penalty Minutes : 0
WINNIPEG BEAVERS - Hits : 10 - Faceoff Wins : 48 - Blocked Shots : 9 - Penalty Minutes : 6

Official

Referees : TJ Luxmore and Frederick L'Ecuyer
Linesman : Mark Shewchyk and Ryan Gibbons

Game Notes

Kevin Poulin enters game at 4:54 of 3rd period

Finance

Level 1 -- Attendance: 6000 (100,00%) -- Ticket Income 936 000 $
Level 2 -- Attendance: 5000 (100,00%) -- Ticket Income 595 000 $
Level 3 -- Attendance: 2000 (100,00%) -- Ticket Income 190 000 $
Level 4 -- Attendance: 3973 (99,33%) -- Ticket Income 290 029 $
Luxury Box -- Attendance: 869 (86,90%) -- Ticket Income 291 115 $
Total Attendance: 17842 (99,12%)
Total Ticket Income: 2 302 144 $
Other Expense: 23 021 $
Total Income: 2 279 123 $

CALGARY FIREMEN

5 vs 5 Forward 
   Center                   Left Wing                Right Wing               Time % Phy DF OF 
 1 Filip Forsberg           Jakob Silfverberg        Mattias Janmark-Nylen    33     1   2  2  
 2 Ryan Johansen            Mason Marchment          Oskar Lindblom           32     1   2  2  
 3 Yakov Trenin             Sonny Milano             Liam Foudy               25     1   2  2  
 4 Brett Howden             Andrew Poturalski        Michael McCarron         10     1   2  2  

5 vs 5 Defense 
   Defense                  Defense                                           Time % Phy DF OF 
 1 Joel Edmundson           Jake McCabe                                       33     1   2  2  
 2 Nikita Zadorov           Jordan Oesterle                                   32     1   2  2  
 3 Jacob Bryson             Colton White                                      25     1   2  2  
 4 Joel Edmundson           Jake McCabe                                       10     1   2  2  

PowerPlay Forward 
   Center                   Left Wing                Right Wing               Time % Phy DF OF 
 1 Filip Forsberg           Jakob Silfverberg        Mattias Janmark-Nylen    55     1   2  2  
 2 Ryan Johansen            Mason Marchment          Oskar Lindblom           45     1   2  2  

PowerPlay Defense
   Defense                  Defense                                           Time % Phy DF OF 
 1 Joel Edmundson           Jake McCabe                                       55     1   2  2  
 2 Nikita Zadorov           Jordan Oesterle                                   45     1   2  2  

Penalty Kill 4 Players Forward 
   Center                   Wing                     Time % Phy DF OF 
 1 Filip Forsberg           Ryan Johansen            55     1   2  2  
 2 Jakob Silfverberg        Mason Marchment          45     1   2  2  

Penalty Kill 4 Players Defense
   Defense                  Defense                  Time % Phy DF OF 
 1 Joel Edmundson           Jake McCabe              55     1   2  2  
 2 Nikita Zadorov           Jordan Oesterle          45     1   2  2  

Penalty Kill - 3 Players Forward 
   Forward                                           Time % Phy DF OF 
 1 Filip Forsberg                                    55     1   2  2  
 2 Ryan Johansen                                     45     1   2  2  

Penalty Kill - 3 Players Defense
   Defense                  Defense                  Time % Phy DF OF 
 1 Joel Edmundson           Jake McCabe              55     1   2  2  
 2 Nikita Zadorov           Jordan Oesterle          45     1   2  2  

4 vs 4 Forward 
   Center                   Wing                     Time % Phy DF OF 
 1 Filip Forsberg           Ryan Johansen            55     1   2  2  
 2 Jakob Silfverberg        Mason Marchment          45     1   2  2  

4 vs 4 Defense
   Defense                  Defense                  Time % Phy DF OF 
 1 Joel Edmundson           Jake McCabe              55     1   2  2  
 2 Nikita Zadorov           Jordan Oesterle          45     1   2  2  

Last Minutes Offensive
   Center                   Left Wing                Right Wing               Defense                  Defense                  
   Filip Forsberg           Jakob Silfverberg        Mattias Janmark-Nylen    Joel Edmundson           Jake McCabe              

Last Minutes Defensive
   Center                   Left Wing                Right Wing               Defense                  Defense                  
   Filip Forsberg           Jakob Silfverberg        Mattias Janmark-Nylen    Joel Edmundson           Jake McCabe              

Goaltenders
Starting : Samuel Ersson            
Backup : Kevin Poulin             

Extra Forwards
Normal : Yakov Trenin, Brett Howden, Liam Foudy - PP : Yakov Trenin, Brett Howden - PK : Liam Foudy
Extra Defensemen
Normal : Jacob Bryson, Joel Edmundson, Nikita Zadorov - PP : Jacob Bryson - PK : Jake McCabe, Nikita Zadorov
Penalty Shots
Filip Forsberg, Ryan Johansen, Jakob Silfverberg, Mason Marchment, Mattias Janmark-Nylen
Custom OT Lines Forwards
Filip Forsberg, Ryan Johansen, Jakob Silfverberg, Mason Marchment, Mattias Janmark-Nylen, Yakov Trenin, Brett Howden, Oskar Lindblom, Liam Foudy, Michael McCarron
Custom OT Lines Defensemen
Joel Edmundson, Jake McCabe, Nikita Zadorov, Jordan Oesterle, Jacob Bryson

Scratches
Andrej Sustr (Healthy), Connor Brown (Healthy), Martin Fehervary (Strained Left Elbow Injury), Nathan Smith (Healthy), Santtu Kinnunen (Healthy)

WINNIPEG BEAVERS

5 vs 5 Forward 
   Center                   Left Wing                Right Wing               Time % Phy DF OF 
 1 Brayden Schenn           Nikolaj Ehlers           Jonathan Audy-Marchessaul36     1   2  2  
 2 Sam Bennett              Brandon Saad             David Perron             34     1   2  2  
 3 Sean Kuraly              Derick Brassard          Trevor Lewis             28     1   2  2  
 4 Matthew Nieto            Sebastien Aho            Cal Clutterbuck          2      1   2  2  

5 vs 5 Defense 
   Defense                  Defense                                           Time % Phy DF OF 
 1 Victor Hedman            Luke Schenn                                       33     1   2  2  
 2 John Carlson             Caleb Jones                                       30     1   2  2  
 3 Adam Larsson             Erik Gustafsson                                   26     1   2  2  
 4 John Carlson             Victor Hedman                                     11     1   2  2  

PowerPlay Forward 
   Center                   Left Wing                Right Wing               Time % Phy DF OF 
 1 Brayden Schenn           Nikolaj Ehlers           Jonathan Audy-Marchessaul55     1   2  2  
 2 Sam Bennett              Brandon Saad             David Perron             45     1   2  2  

PowerPlay Defense
   Defense                  Defense                                           Time % Phy DF OF 
 1 Victor Hedman            John Carlson                                      55     1   2  2  
 2 Adam Larsson             Erik Gustafsson                                   45     1   2  2  

Penalty Kill 4 Players Forward 
   Center                   Wing                     Time % Phy DF OF 
 1 Brayden Schenn           David Perron             55     1   2  2  
 2 Jonathan Audy-MarchessaulSam Bennett              45     1   2  2  

Penalty Kill 4 Players Defense
   Defense                  Defense                  Time % Phy DF OF 
 1 Victor Hedman            John Carlson             55     1   2  2  
 2 Adam Larsson             Erik Gustafsson          45     1   2  2  

Penalty Kill - 3 Players Forward 
   Forward                                           Time % Phy DF OF 
 1 Brayden Schenn                                    55     1   2  2  
 2 David Perron                                      45     1   2  2  

Penalty Kill - 3 Players Defense
   Defense                  Defense                  Time % Phy DF OF 
 1 Victor Hedman            John Carlson             55     1   2  2  
 2 Adam Larsson             Erik Gustafsson          45     1   2  2  

4 vs 4 Forward 
   Center                   Wing                     Time % Phy DF OF 
 1 Brayden Schenn           David Perron             55     1   2  2  
 2 Jonathan Audy-MarchessaulSam Bennett              45     1   2  2  

4 vs 4 Defense
   Defense                  Defense                  Time % Phy DF OF 
 1 Victor Hedman            John Carlson             55     1   2  2  
 2 Adam Larsson             Erik Gustafsson          45     1   2  2  

Last Minutes Offensive
   Center                   Left Wing                Right Wing               Defense                  Defense                  
   Brayden Schenn           David Perron             Jonathan Audy-MarchessaulVictor Hedman            John Carlson             

Last Minutes Defensive
   Center                   Left Wing                Right Wing               Defense                  Defense                  
   Brayden Schenn           David Perron             Jonathan Audy-MarchessaulVictor Hedman            John Carlson             

Goaltenders
Starting : Logan Thompson           
Backup : Ville Husso              

Extra Forwards
Normal : Nikolaj Ehlers, Sean Kuraly, Derick Brassard - PP : Nikolaj Ehlers, Sean Kuraly - PK : Derick Brassard
Extra Defensemen
Normal : Luke Schenn, Caleb Jones, Sebastien Aho - PP : Luke Schenn - PK : Caleb Jones, Sebastien Aho
Penalty Shots
Brayden Schenn, David Perron, Jonathan Audy-Marchessault, Sam Bennett, Brandon Saad
Custom OT Lines Forwards
Brayden Schenn, David Perron, Jonathan Audy-Marchessault, Sam Bennett, Brandon Saad, Nikolaj Ehlers, Sean Kuraly, Trevor Lewis, Derick Brassard, Matthew Nieto
Custom OT Lines Defensemen
Victor Hedman, John Carlson, Adam Larsson, Erik Gustafsson, Luke Schenn

Scratches
None


% Time on Ice - CALGARY FIREMEN

Lines # - Real PCT - Wanted PCT - Time Play
Normal Forward
1 - 30% - 33% - 17:00
2 - 29% - 32% - 16:16
3 - 27% - 25% - 14:58
4 - 14% - 10% - 7:46
Normal Defense
1 - 31% - 33% - 17:23
2 - 32% - 32% - 18:02
3 - 31% - 25% - 17:09
4 - 6% - 10% - 3:26
PP Forward
1 - 59% - 55% - 2:21
2 - 41% - 45% - 1:39
PP Defense
1 - 67% - 55% - 2:41
2 - 33% - 45% - 1:19
PK Forward
1 - 0% - 55%
2 - 0% - 45%
PK Defense
1 - 0% - 55%
2 - 0% - 45%
PK3 Forward
1 - 0% - 55%
2 - 0% - 45%
PK3 Defense
1 - 0% - 55%
2 - 0% - 45%
44 Forward
1 - 0% - 55%
2 - 0% - 45%
44 Defense
1 - 0% - 55%
2 - 0% - 45%
Last Minute Offensive  - 0:00
Last Minute Defensive  - 0:00
Total
Forward - 60:00
Defense - 60:00

% Time on Ice - WINNIPEG BEAVERS

Lines # - Real PCT - Wanted PCT - Time Play
Normal Forward
1 - 33% - 36% - 18:27
2 - 32% - 34% - 17:51
3 - 27% - 28% - 15:12
4 - 8% - 2% - 4:30
Normal Defense
1 - 32% - 33% - 18:05
2 - 30% - 30% - 16:42
3 - 28% - 26% - 15:53
4 - 10% - 11% - 5:20
PP Forward
1 - 0% - 55%
2 - 0% - 45%
PP Defense
1 - 0% - 55%
2 - 0% - 45%
PK Forward
1 - 65% - 55% - 2:36
2 - 35% - 45% - 1:24
PK Defense
1 - 47% - 55% - 1:53
2 - 53% - 45% - 2:07
PK3 Forward
1 - 0% - 55%
2 - 0% - 45%
PK3 Defense
1 - 0% - 55%
2 - 0% - 45%
44 Forward
1 - 0% - 55%
2 - 0% - 45%
44 Defense
1 - 0% - 55%
2 - 0% - 45%
Last Minute Offensive  - 0:00
Last Minute Defensive  - 0:00
Total
Forward - 60:00
Defense - 60:00

Play-by-Play

1st period


0:01 of 1st period - Brayden Schenn wins face-off versus Filip Forsberg in neutral zone.
0:26 of 1st period - Shot by Jonathan Audy-Marchessault.
0:26 of 1st period - Shot Misses the Net.
0:34 of 1st period - Shot by Jonathan Audy-Marchessault.
0:34 of 1st period - Stopped by Samuel Ersson with a rebound.
1:06 of 1st period - Shot by David Perron.
1:06 of 1st period - Stopped by Samuel Ersson without a rebound.
1:07 of 1st period - Sean Kuraly wins face-off versus Ryan Johansen in CALGARY FIREMEN zone.
2:13 of 1st period - Icing by Erik Gustafsson.
2:14 of 1st period - Sean Kuraly wins face-off versus Yakov Trenin in WINNIPEG BEAVERS zone.
2:29 of 1st period - Shot by David Perron.
2:29 of 1st period - Shot Misses the Net.
2:31 of 1st period - Shot by David Perron.
2:31 of 1st period - Shot Misses the Net.
2:35 of 1st period - Shot by Sam Bennett.
2:35 of 1st period - Shot Misses the Net.
2:37 of 1st period - Shot by John Carlson.
2:37 of 1st period - Stopped by Samuel Ersson without a rebound.
2:38 of 1st period - Andrew Poturalski wins face-off versus Jonathan Audy-Marchessault in CALGARY FIREMEN zone.
2:43 of 1st period - Shot by Nikolaj Ehlers.
2:43 of 1st period - Shot Misses the Net.
2:45 of 1st period - Shot by Brayden Schenn.
2:45 of 1st period - Goal by Brayden Schenn - CALGARY FIREMEN : 0 - WINNIPEG BEAVERS : 1.
2:46 of 1st period - Brett Howden wins face-off versus Brandon Saad in neutral zone.
2:58 of 1st period - Brandon Saad is hit by Jake McCabe and loses puck.
3:05 of 1st period - Shot by Brandon Saad.
3:05 of 1st period - Stopped by Samuel Ersson without a rebound.
3:06 of 1st period - Yakov Trenin wins face-off versus Brayden Schenn in CALGARY FIREMEN zone.
3:13 of 1st period - Shot by Liam Foudy.
3:13 of 1st period - Stopped by Logan Thompson without a rebound.
3:14 of 1st period - Sam Bennett wins face-off versus Yakov Trenin in WINNIPEG BEAVERS zone.
3:21 of 1st period - Shot by Sam Bennett.
3:21 of 1st period - Shot Blocked by Liam Foudy.
3:25 of 1st period - Shot by Sam Bennett.
3:25 of 1st period - Shot Blocked by Jacob Bryson.
3:27 of 1st period - Shot by David Perron.
3:27 of 1st period - Stopped by Samuel Ersson with a rebound.
3:29 of 1st period - Shot by Victor Hedman.
3:29 of 1st period - Shot Misses the Net.
3:31 of 1st period - Shot by David Perron.
3:31 of 1st period - Stopped by Samuel Ersson without a rebound.
3:32 of 1st period - Ryan Johansen wins face-off versus Brayden Schenn in CALGARY FIREMEN zone.
4:07 of 1st period - Shot by Jonathan Audy-Marchessault.
4:07 of 1st period - Stopped by Samuel Ersson without a rebound.
4:08 of 1st period - Filip Forsberg wins face-off versus Sam Bennett in CALGARY FIREMEN zone.
4:18 of 1st period - Shot by Filip Forsberg.
4:18 of 1st period - Shot Misses the Net.
4:20 of 1st period - Shot by Mattias Janmark-Nylen.
4:20 of 1st period - Stopped by Logan Thompson without a rebound.
4:21 of 1st period - Matthew Nieto wins face-off versus Yakov Trenin in WINNIPEG BEAVERS zone.
5:09 of 1st period - Shot by Mattias Janmark-Nylen.
5:09 of 1st period - Stopped by Logan Thompson without a rebound.
5:10 of 1st period - Sam Bennett wins face-off versus Filip Forsberg in WINNIPEG BEAVERS zone.
5:16 of 1st period - Brandon Saad is hit by Joel Edmundson and loses puck.
5:21 of 1st period - Shot by David Perron.
5:21 of 1st period - Shot Misses the Net.
5:23 of 1st period - Shot by Brandon Saad.
5:23 of 1st period - Stopped by Samuel Ersson without a rebound.
5:24 of 1st period - Sean Kuraly wins face-off versus Andrew Poturalski in CALGARY FIREMEN zone.
5:59 of 1st period - Shot by Victor Hedman.
5:59 of 1st period - Shot Blocked by Nikita Zadorov.
6:01 of 1st period - Shot by Luke Schenn.
6:01 of 1st period - Shot Misses the Net.
6:03 of 1st period - Shot by Trevor Lewis.
6:03 of 1st period - Shot Misses the Net.
6:42 of 1st period - Brayden Schenn is hit by Jake McCabe and loses puck.
6:57 of 1st period - Shot by Filip Forsberg.
6:57 of 1st period - Shot Misses the Net.
6:59 of 1st period - Shot by Filip Forsberg.
6:59 of 1st period - Shot Blocked by John Carlson.
7:01 of 1st period - Shot by Mattias Janmark-Nylen.
7:01 of 1st period - Stopped by Logan Thompson without a rebound.
7:02 of 1st period - Ryan Johansen wins face-off versus Sam Bennett in WINNIPEG BEAVERS zone.
7:03 of 1st period - Shot by Mason Marchment.
7:03 of 1st period - Shot Blocked by Erik Gustafsson.
7:05 of 1st period - Shot by Colton White.
7:05 of 1st period - Stopped by Logan Thompson without a rebound.
7:06 of 1st period - Sam Bennett wins face-off versus Ryan Johansen in WINNIPEG BEAVERS zone.
7:36 of 1st period - Shot by Sam Bennett.
7:36 of 1st period - Shot Misses the Net.
7:38 of 1st period - Shot by Erik Gustafsson.
7:38 of 1st period - Shot Misses the Net.
7:40 of 1st period - Shot by Adam Larsson.
7:40 of 1st period - Shot Blocked by Colton White.
7:55 of 1st period - Icing by Adam Larsson.
7:56 of 1st period - Sam Bennett wins face-off versus Filip Forsberg in WINNIPEG BEAVERS zone.
8:39 of 1st period - Shot by Filip Forsberg.
8:39 of 1st period - Shot Misses the Net.
9:19 of 1st period - Shot by Sonny Milano.
9:19 of 1st period - Shot Misses the Net.
9:21 of 1st period - Shot by Yakov Trenin.
9:21 of 1st period - Stopped by Logan Thompson with a rebound.
9:23 of 1st period - Shot by Liam Foudy.
9:23 of 1st period - Shot Misses the Net.
10:36 of 1st period - Ryan Johansen is hit by Luke Schenn and loses puck.
10:52 of 1st period - Ryan Johansen is hit by Luke Schenn and loses puck.
12:46 of 1st period - Shot by Sean Kuraly.
12:46 of 1st period - Shot Hit the Post.
12:48 of 1st period - Shot by Sean Kuraly.
12:48 of 1st period - Stopped by Samuel Ersson without a rebound.
12:49 of 1st period - Brayden Schenn wins face-off versus Ryan Johansen in CALGARY FIREMEN zone.
12:59 of 1st period - Shot by Jonathan Audy-Marchessault.
12:59 of 1st period - Shot Blocked by Jacob Bryson.
13:01 of 1st period - Shot by Jonathan Audy-Marchessault.
13:01 of 1st period - Stopped by Samuel Ersson without a rebound.
13:02 of 1st period - Sam Bennett wins face-off versus Brett Howden in CALGARY FIREMEN zone.
13:31 of 1st period - Icing by Colton White.
13:32 of 1st period - Brayden Schenn wins face-off versus Brett Howden in CALGARY FIREMEN zone.
13:35 of 1st period - Shot by Jonathan Audy-Marchessault.
13:35 of 1st period - Stopped by Samuel Ersson with a rebound.
13:51 of 1st period - Shot by Nikolaj Ehlers.
13:51 of 1st period - Stopped by Samuel Ersson without a rebound.
13:52 of 1st period - Sean Kuraly wins face-off versus Ryan Johansen in CALGARY FIREMEN zone.
13:58 of 1st period - Derick Brassard is hit by Joel Edmundson and loses puck.
14:04 of 1st period - Ryan Johansen is hit by Erik Gustafsson and loses puck.
15:16 of 1st period - Shot by Nikolaj Ehlers.
15:16 of 1st period - Shot Misses the Net.
15:54 of 1st period - Shot by Jakob Silfverberg.
15:54 of 1st period - Stopped by Logan Thompson without a rebound.
15:55 of 1st period - David Perron wins face-off versus Yakov Trenin in WINNIPEG BEAVERS zone.
16:27 of 1st period - Shot by David Perron.
16:27 of 1st period - Stopped by Samuel Ersson without a rebound.
16:28 of 1st period - Derick Brassard wins face-off versus Filip Forsberg in CALGARY FIREMEN zone.
16:41 of 1st period - Shot by Filip Forsberg.
16:41 of 1st period - Shot Misses the Net.
16:43 of 1st period - Shot by Jakob Silfverberg.
16:43 of 1st period - Stopped by Logan Thompson without a rebound.
16:44 of 1st period - Matthew Nieto wins face-off versus Brett Howden in WINNIPEG BEAVERS zone.
16:44 of 1st period - Matthew Nieto is hit by Brett Howden.
17:41 of 1st period - Jacob Bryson is hit by Sam Bennett and loses puck.
17:54 of 1st period - Shot by David Perron.
17:54 of 1st period - Stopped by Samuel Ersson without a rebound.
17:55 of 1st period - Jonathan Audy-Marchessault wins face-off versus Yakov Trenin in CALGARY FIREMEN zone.
17:56 of 1st period - Shot by Brayden Schenn.
17:56 of 1st period - Stopped by Samuel Ersson without a rebound.
17:57 of 1st period - Brayden Schenn wins face-off versus Yakov Trenin in CALGARY FIREMEN zone.
17:58 of 1st period - Shot by Jonathan Audy-Marchessault.
17:58 of 1st period - Stopped by Samuel Ersson without a rebound.
17:59 of 1st period - Sam Bennett wins face-off versus Filip Forsberg in CALGARY FIREMEN zone.
18:18 of 1st period - Shot by Filip Forsberg.
18:18 of 1st period - Shot Misses the Net.
18:20 of 1st period - Shot by Jakob Silfverberg.
18:20 of 1st period - Shot Blocked by John Carlson.
18:35 of 1st period - David Perron is hit by Jake McCabe and loses puck.
19:00 of 1st period - Sam Bennett is hit by Yakov Trenin and loses puck.
19:07 of 1st period - Shot by Sonny Milano.
19:07 of 1st period - Deflect By Yakov Trenin.
19:07 of 1st period - Shot Blocked by Caleb Jones.
19:19 of 1st period - Shot by Yakov Trenin.
19:19 of 1st period - Shot Misses the Net.
19:21 of 1st period - Shot by Jacob Bryson.
19:21 of 1st period - Stopped by Logan Thompson without a rebound.
19:22 of 1st period - Brayden Schenn wins face-off versus Ryan Johansen in WINNIPEG BEAVERS zone.
19:22 of 1st period - Brayden Schenn is hit by Mason Marchment.
Goals for this period are 0 for CALGARY FIREMEN vs 1 for WINNIPEG BEAVERS.
Shots for this period are 9 for CALGARY FIREMEN vs 17 for WINNIPEG BEAVERS.

2nd period


0:01 of 2nd period - Sean Kuraly wins face-off versus Yakov Trenin in neutral zone.
0:40 of 2nd period - Shot by Sean Kuraly.
0:40 of 2nd period - Stopped by Samuel Ersson with a rebound.
0:54 of 2nd period - John Carlson is hit by Liam Foudy and loses puck.
0:58 of 2nd period - Icing by John Carlson.
0:59 of 2nd period - Filip Forsberg wins face-off versus Jonathan Audy-Marchessault in WINNIPEG BEAVERS zone.
1:04 of 2nd period - Shot by Mattias Janmark-Nylen.
1:04 of 2nd period - Shot Misses the Net.
2:00 of 2nd period - Icing by Jakob Silfverberg.
2:01 of 2nd period - Trevor Lewis wins face-off versus Filip Forsberg in CALGARY FIREMEN zone.
2:28 of 2nd period - Shot by Sean Kuraly.
2:28 of 2nd period - Stopped by Samuel Ersson without a rebound.
2:29 of 2nd period - Sam Bennett wins face-off versus Ryan Johansen in CALGARY FIREMEN zone.
2:38 of 2nd period - Shot by Sam Bennett.
2:38 of 2nd period - Goal by Sam Bennett - CALGARY FIREMEN : 0 - WINNIPEG BEAVERS : 2.
2:39 of 2nd period - Yakov Trenin wins face-off versus Sam Bennett in neutral zone.
2:57 of 2nd period - Shot by David Perron.
2:57 of 2nd period - Stopped by Samuel Ersson with a rebound.
3:11 of 2nd period - Shot by Liam Foudy.
3:11 of 2nd period - Stopped by Logan Thompson without a rebound.
3:12 of 2nd period - Ryan Johansen wins face-off versus Sean Kuraly in WINNIPEG BEAVERS zone.
4:00 of 2nd period - Off-side.
4:01 of 2nd period - Brayden Schenn wins face-off versus Yakov Trenin in neutral zone.
4:16 of 2nd period - Shot by Yakov Trenin.
4:16 of 2nd period - Stopped by Logan Thompson with a rebound.
4:26 of 2nd period - Shot by Nikolaj Ehlers.
4:26 of 2nd period - Stopped by Samuel Ersson with a rebound.
4:57 of 2nd period - Off-side.
4:58 of 2nd period - Sam Bennett wins face-off versus Filip Forsberg in neutral zone.
5:01 of 2nd period - Mattias Janmark-Nylen is hit by Sam Bennett and loses puck.
5:02 of 2nd period - Minor Penalty to Sam Bennett for Slashing.
5:03 of 2nd period - Jakob Silfverberg wins face-off versus Brayden Schenn in WINNIPEG BEAVERS zone.
5:14 of 2nd period - Shot by Filip Forsberg.
5:14 of 2nd period - Shot Blocked by Adam Larsson.
5:16 of 2nd period - Shot by Jordan Oesterle.
5:16 of 2nd period - Stopped by Logan Thompson without a rebound.
5:17 of 2nd period - Ryan Johansen wins face-off versus Brayden Schenn in WINNIPEG BEAVERS zone.
5:26 of 2nd period - Shot by Ryan Johansen.
5:26 of 2nd period - Stopped by Logan Thompson without a rebound.
5:27 of 2nd period - Brayden Schenn wins face-off versus Filip Forsberg in WINNIPEG BEAVERS zone.
5:44 of 2nd period - Shot by Filip Forsberg.
5:44 of 2nd period - Deflect By Mattias Janmark-Nylen.
5:44 of 2nd period - Shot Blocked by Erik Gustafsson.
5:46 of 2nd period - Shot by Mattias Janmark-Nylen.
5:46 of 2nd period - Stopped by Logan Thompson without a rebound.
5:47 of 2nd period - Ryan Johansen wins face-off versus Brayden Schenn in WINNIPEG BEAVERS zone.
6:14 of 2nd period - Shot by Mason Marchment.
6:14 of 2nd period - Stopped by Logan Thompson without a rebound.
6:15 of 2nd period - Jonathan Audy-Marchessault wins face-off versus Filip Forsberg in WINNIPEG BEAVERS zone.
6:32 of 2nd period - Shot by Mattias Janmark-Nylen.
6:32 of 2nd period - Shot Blocked by John Carlson.
6:34 of 2nd period - Shot by Jake McCabe.
6:34 of 2nd period - Stopped by Logan Thompson with a rebound.
6:36 of 2nd period - Shot by Filip Forsberg.
6:36 of 2nd period - Shot Misses the Net.
6:38 of 2nd period - Shot by Mattias Janmark-Nylen.
6:38 of 2nd period - Goal by Mattias Janmark-Nylen - CALGARY FIREMEN : 1 - WINNIPEG BEAVERS : 2.
6:39 of 2nd period - Sam Bennett wins face-off versus Yakov Trenin in neutral zone.
6:47 of 2nd period - Shot by David Perron.
6:47 of 2nd period - Goal by David Perron - CALGARY FIREMEN : 1 - WINNIPEG BEAVERS : 3.
6:48 of 2nd period - Ryan Johansen wins face-off versus Sam Bennett in neutral zone.
7:47 of 2nd period - Shot by Filip Forsberg.
7:47 of 2nd period - Stopped by Logan Thompson without a rebound.
7:48 of 2nd period - Yakov Trenin wins face-off versus Brayden Schenn in WINNIPEG BEAVERS zone.
7:53 of 2nd period - Shot by Sonny Milano.
7:53 of 2nd period - Shot Blocked by Jonathan Audy-Marchessault.
7:56 of 2nd period - Icing by Caleb Jones.
7:57 of 2nd period - Brayden Schenn wins face-off versus Filip Forsberg in WINNIPEG BEAVERS zone.
8:08 of 2nd period - Shot by Jonathan Audy-Marchessault.
8:08 of 2nd period - Shot Blocked by Joel Edmundson.
9:23 of 2nd period - Shot by Trevor Lewis.
9:23 of 2nd period - Deflect By Derick Brassard.
9:23 of 2nd period - Stopped by Samuel Ersson without a rebound.
9:24 of 2nd period - Ryan Johansen wins face-off versus Sam Bennett in CALGARY FIREMEN zone.
9:38 of 2nd period - Shot by Sam Bennett.
9:38 of 2nd period - Stopped by Samuel Ersson with a rebound.
10:17 of 2nd period - Icing by Ryan Johansen.
10:18 of 2nd period - Sean Kuraly wins face-off versus Oskar Lindblom in CALGARY FIREMEN zone.
10:36 of 2nd period - Mason Marchment is hit by Trevor Lewis and loses puck.
11:00 of 2nd period - Shot by Sean Kuraly.
11:00 of 2nd period - Deflect By Derick Brassard.
11:00 of 2nd period - Shot Misses the Net.
11:52 of 2nd period - Filip Forsberg is hit by Caleb Jones and loses puck.
13:11 of 2nd period - Icing by Jordan Oesterle.
13:12 of 2nd period - Yakov Trenin wins face-off versus Derick Brassard in CALGARY FIREMEN zone.
13:12 of 2nd period - Sonny Milano is hit by Sean Kuraly and loses puck.
13:13 of 2nd period - Minor Penalty to Sean Kuraly for Slashing.
13:14 of 2nd period - Brayden Schenn wins face-off versus Filip Forsberg in WINNIPEG BEAVERS zone.
13:22 of 2nd period - Off-side.
13:23 of 2nd period - Brayden Schenn wins face-off versus Mattias Janmark-Nylen in neutral zone.
14:36 of 2nd period - Shot by Oskar Lindblom.
14:36 of 2nd period - Stopped by Logan Thompson without a rebound.
14:37 of 2nd period - Ryan Johansen wins face-off versus David Perron in WINNIPEG BEAVERS zone.
17:13 of 2nd period - Icing by Erik Gustafsson.
17:14 of 2nd period - Yakov Trenin wins face-off versus Jonathan Audy-Marchessault in WINNIPEG BEAVERS zone.
17:38 of 2nd period - Shot by Nikolaj Ehlers.
17:38 of 2nd period - Stopped by Samuel Ersson without a rebound.
17:39 of 2nd period - Sam Bennett wins face-off versus Filip Forsberg in CALGARY FIREMEN zone.
18:02 of 2nd period - Shot by David Perron.
18:02 of 2nd period - Shot Blocked by Mattias Janmark-Nylen.
18:04 of 2nd period - Shot by Sam Bennett.
18:04 of 2nd period - Stopped by Samuel Ersson without a rebound.
18:05 of 2nd period - Sean Kuraly wins face-off versus Mason Marchment in CALGARY FIREMEN zone.
Goals for this period are 1 for CALGARY FIREMEN vs 2 for WINNIPEG BEAVERS.
Shots for this period are 10 for CALGARY FIREMEN vs 10 for WINNIPEG BEAVERS.

3rd period


0:01 of 3rd period - Sam Bennett wins face-off versus Mason Marchment in neutral zone.
0:24 of 3rd period - Shot by Sam Bennett.
0:24 of 3rd period - Goal by Sam Bennett - CALGARY FIREMEN : 1 - WINNIPEG BEAVERS : 4.
0:25 of 3rd period - Filip Forsberg wins face-off versus Brayden Schenn in neutral zone.
0:41 of 3rd period - Shot by Mattias Janmark-Nylen.
0:41 of 3rd period - Goal by Mattias Janmark-Nylen - CALGARY FIREMEN : 2 - WINNIPEG BEAVERS : 4.
0:42 of 3rd period - Yakov Trenin wins face-off versus Sam Bennett in neutral zone.
0:55 of 3rd period - Shot by Sam Bennett.
0:55 of 3rd period - Shot Misses the Net.
1:00 of 3rd period - Off-side.
1:01 of 3rd period - Brayden Schenn wins face-off versus Ryan Johansen in neutral zone.
1:10 of 3rd period - Shot by Mason Marchment.
1:10 of 3rd period - Shot Misses the Net.
1:12 of 3rd period - Shot by Ryan Johansen.
1:12 of 3rd period - Stopped by Logan Thompson without a rebound.
1:13 of 3rd period - Sam Bennett wins face-off versus Filip Forsberg in WINNIPEG BEAVERS zone.
2:46 of 3rd period - Jordan Oesterle is hit by Jonathan Audy-Marchessault and loses puck.
2:55 of 3rd period - Shot by Nikolaj Ehlers.
2:55 of 3rd period - Deflect By Jonathan Audy-Marchessault.
2:55 of 3rd period - Shot Misses the Net.
3:12 of 3rd period - Icing by Nikolaj Ehlers.
3:13 of 3rd period - Brayden Schenn wins face-off versus Yakov Trenin in WINNIPEG BEAVERS zone.
3:17 of 3rd period - Icing by Jonathan Audy-Marchessault.
3:18 of 3rd period - Brayden Schenn wins face-off versus Yakov Trenin in WINNIPEG BEAVERS zone.
3:23 of 3rd period - Erik Gustafsson is hit by Jacob Bryson and loses puck.
3:36 of 3rd period - Shot by Jonathan Audy-Marchessault.
3:36 of 3rd period - Stopped by Samuel Ersson with a rebound.
3:46 of 3rd period - Shot by Trevor Lewis.
3:46 of 3rd period - Shot Hit the Post.
3:57 of 3rd period - Derick Brassard is hit by Jacob Bryson and loses puck.
4:52 of 3rd period - Shot by Sam Bennett.
4:52 of 3rd period - Shot Misses the Net.
4:54 of 3rd period - Shot by Victor Hedman.
4:54 of 3rd period - Goal by Victor Hedman - CALGARY FIREMEN : 2 - WINNIPEG BEAVERS : 5.
4:54 of 3rd period - Kevin Poulin enters game.
4:55 of 3rd period - Matthew Nieto wins face-off versus Filip Forsberg in neutral zone.
4:58 of 3rd period - Shot by Erik Gustafsson.
4:58 of 3rd period - Stopped by Kevin Poulin without a rebound.
4:59 of 3rd period - Ryan Johansen wins face-off versus Nikolaj Ehlers in CALGARY FIREMEN zone.
5:20 of 3rd period - Shot by Nikolaj Ehlers.
5:20 of 3rd period - Shot Blocked by Jake McCabe.
6:55 of 3rd period - Shot by Sean Kuraly.
6:55 of 3rd period - Shot Misses the Net.
7:11 of 3rd period - Shot by Derick Brassard.
7:11 of 3rd period - Stopped by Kevin Poulin without a rebound.
7:12 of 3rd period - Andrew Poturalski wins face-off versus Brayden Schenn in CALGARY FIREMEN zone.
7:12 of 3rd period - Andrew Poturalski is hit by Brayden Schenn.
7:13 of 3rd period - Minor Penalty to Brayden Schenn for Roughing.
7:14 of 3rd period - Derick Brassard wins face-off versus Jakob Silfverberg in WINNIPEG BEAVERS zone.
7:20 of 3rd period - Icing by Joel Edmundson.
7:21 of 3rd period - Derick Brassard wins face-off versus Filip Forsberg in CALGARY FIREMEN zone.
7:38 of 3rd period - Shot by Jake McCabe.
7:38 of 3rd period - Goal by Jake McCabe - CALGARY FIREMEN : 3 - WINNIPEG BEAVERS : 5.
7:39 of 3rd period - Brayden Schenn wins face-off versus Brett Howden in neutral zone.
8:48 of 3rd period - Shot by David Perron.
8:48 of 3rd period - Shot Misses the Net.
8:56 of 3rd period - Shot by Sam Bennett.
8:56 of 3rd period - Shot Misses the Net.
9:33 of 3rd period - Icing by Adam Larsson.
9:34 of 3rd period - Sean Kuraly wins face-off versus Filip Forsberg in WINNIPEG BEAVERS zone.
10:33 of 3rd period - Icing by Colton White.
10:34 of 3rd period - Brayden Schenn wins face-off versus Ryan Johansen in CALGARY FIREMEN zone.
11:13 of 3rd period - Shot by Brayden Schenn.
11:13 of 3rd period - Goal by Brayden Schenn - CALGARY FIREMEN : 3 - WINNIPEG BEAVERS : 6.
11:14 of 3rd period - Brett Howden wins face-off versus Sam Bennett in neutral zone.
11:29 of 3rd period - Shot by David Perron.
11:29 of 3rd period - Stopped by Kevin Poulin without a rebound.
11:30 of 3rd period - Filip Forsberg wins face-off versus Sebastien Aho in CALGARY FIREMEN zone.
11:34 of 3rd period - Off-side.
11:35 of 3rd period - Sam Bennett wins face-off versus Filip Forsberg in neutral zone.
11:40 of 3rd period - Shot by Brandon Saad.
11:40 of 3rd period - Stopped by Kevin Poulin without a rebound.
11:41 of 3rd period - Brayden Schenn wins face-off versus Filip Forsberg in CALGARY FIREMEN zone.
11:57 of 3rd period - Shot by Nikolaj Ehlers.
11:57 of 3rd period - Stopped by Kevin Poulin with a rebound.
12:51 of 3rd period - Shot by Sam Bennett.
12:51 of 3rd period - Stopped by Kevin Poulin with a rebound.
12:53 of 3rd period - Shot by Sam Bennett.
12:53 of 3rd period - Stopped by Kevin Poulin with a rebound.
13:15 of 3rd period - Shot by Brandon Saad.
13:15 of 3rd period - Stopped by Kevin Poulin with a rebound.
14:29 of 3rd period - Off-side.
14:30 of 3rd period - Brett Howden wins face-off versus Brayden Schenn in neutral zone.
15:09 of 3rd period - Shot by Jonathan Audy-Marchessault.
15:09 of 3rd period - Shot Misses the Net.
16:37 of 3rd period - Shot by Sonny Milano.
16:37 of 3rd period - Shot Blocked by John Carlson.
17:08 of 3rd period - Icing by Trevor Lewis.
17:09 of 3rd period - Trevor Lewis wins face-off versus Mason Marchment in WINNIPEG BEAVERS zone.
18:34 of 3rd period - Shot by Filip Forsberg.
18:34 of 3rd period - Shot Misses the Net.
18:41 of 3rd period - Icing by Sam Bennett.
18:42 of 3rd period - Sonny Milano wins face-off versus Sam Bennett in WINNIPEG BEAVERS zone.
19:00 of 3rd period - Brandon Saad is hit by Jordan Oesterle and loses puck.
19:09 of 3rd period - Shot by Sam Bennett.
19:09 of 3rd period - Shot Blocked by Liam Foudy.
19:11 of 3rd period - Shot by Adam Larsson.
19:11 of 3rd period - Goal by Adam Larsson - CALGARY FIREMEN : 3 - WINNIPEG BEAVERS : 7.
19:12 of 3rd period - Brett Howden wins face-off versus Sebastien Aho in neutral zone.
Goals for this period are 2 for CALGARY FIREMEN vs 4 for WINNIPEG BEAVERS.
Shots for this period are 3 for CALGARY FIREMEN vs 13 for WINNIPEG BEAVERS.


OWEN
TIPPETT
GUSTAV
FORSLING
MATTHEW
BOLDY

EAST COAST

HOCKEY LEAGUE

  • 67.PIT4RHI2
  • 68.ATL5WOR3
  • 69.QUECHW
  • 70.CHATRV